Map: [ESL] Alcyone

Players

ShoWTimE - Winner!

  • Race: Protoss Protoss
  • Spawn Location: 7:00

AqueroN

  • Race: Terran Terran
  • Spawn Location: 1:00

Event: ESL SC2 Masters 2024 Spring (Regional)

VOD

Have the link to the VOD?

Description

Time

  • Played on: April 19, 2024, 12:12 p.m.
  • Length: 16:33

All games in this series

Show
View Real Time Build Order
Export as new Build Order

ShoWTimE Protoss - Winner!

Build Orders: 1 Gate Expand, Phoenix Opening, Chargelot Immortal 

Get SALT Encoding   

  12  0:00  Probe  
  13  0:12  Probe  
  14  0:19  Pylon  
  14  0:24  Probe  
  15  0:37  Probe (Chrono Boost)  
  15  0:41  Gateway  
  16  0:46  Probe (Chrono Boost)  
  16  0:49  Assimilator  
  17  0:51  Probe  
  18  1:03  Probe  
  19  1:15  Probe  
  20  1:27  Probe  
  20  1:28  Cybernetics Core  
  21  1:38  Nexus  
  21  1:46  Pylon  
  21  1:49  Probe  
  22  1:55  Assimilator  
  23  2:01  Probe  
  23  2:02  Adept (Chrono Boost)  
  25  2:13  Probe  
  26  2:18  Shield Battery  
  26  2:25  Probe  
  26  2:26  Stargate  
  27  2:36  Warp Gate  
  29  2:38  Probe  
  30  2:44  Stalker (Chrono Boost)  
  30  2:50  Probe (Chrono Boost)  
  32  2:55  Probe (Chrono Boost)  
  32  3:00  Probe (Chrono Boost)  
  32  3:04  Probe (Chrono Boost)  
  34  3:05  Probe (Chrono Boost)  
  34  3:09  Stalker  
  34  3:12  Phoenix (Chrono Boost)  
  37  3:14  Probe  
  37  3:17  Pylon  
  37  3:18  Probe  
  41  3:26  Probe  
  42  3:28  Gateway  
  42  3:30  Probe  
  43  3:35  Phoenix  
  43  3:38  Probe  
  46  3:42  Probe  
  47  3:48  Robotics Facility  
  47  3:50  Probe  
  47  3:53  Pylon  
  47  3:54  Probe  
  49  3:59  Assimilator  
  49  4:01  Assimilator  
  49  4:03  Probe  
  49  4:06  Probe  
  49  4:08  Pylon  
  49  4:09  Phoenix  
  53  4:15  Probe  
  54  4:18  Probe  
  55  4:26  Adept  
  55  4:27  Probe, Adept  
  55  4:31  Probe  
  61  4:32  Shield Battery  
  61  4:35  Observer (Chrono Boost)  
  61  4:36  Phoenix  
  64  4:40  Pylon, Probe  
  65  4:53  Immortal (Chrono Boost)  
  65  4:58  Stalker x2  
  65  4:59  Pylon  
  71  5:22  Immortal (Chrono Boost)  
  71  5:23  Stalker x2  
  77  5:32  Robotics Bay, Probe  
  77  5:34  Phoenix  
  80  5:39  Probe  
  81  5:43  Pylon  
  81  5:44  Probe  
  81  5:46  Adept x2  
  86  5:55  Nexus  
  86  5:58  Pylon  
  86  6:01  Probe x2  
  84  6:13  Probe x2  
  84  6:16  Colossus (Chrono Boost)  
  86  6:18  Forge  
  86  6:19  Twilight Council  
  86  6:25  Probe x2  
  92  6:35  Extended Thermal Lance (Chrono Boost)  
  92  6:37  Probe x2, Gateway  
  94  6:43  Gateway  
  94  6:49  Charge (Chrono Boost), Probe x2  
  94  6:52  Protoss Ground Weapons Level 1 (Chrono Boost)  
  96  7:00  Colossus (Chrono Boost)  
  96  7:01  Probe x2  
  96  7:06  Sentry, Gateway  
  100  7:13  Probe x2  
  107  7:18  Gateway  
  107  7:19  Shield Battery  
  107  7:21  Shield Battery  
  107  7:24  Pylon  
  107  7:26  Gateway  
  107  7:27  Sentry  
  109  7:33  Pylon, Sentry  
  109  7:34  Pylon  
  109  7:35  Zealot  
  111  7:44  Disruptor (Chrono Boost)  
  111  7:49  Zealot  
  117  7:54  Zealot  
  119  7:58  Gateway  
  119  7:59  Zealot x2  
  119  8:00  Gateway  
  119  8:02  Pylon  
  119  8:04  Shield Battery  
  123  8:07  Zealot  
  123  8:11  Pylon, Immortal (Chrono Boost)  
  125  8:13  Pylon  
  125  8:17  Zealot x3  
  135  8:21  Pylon  
  135  8:27  Zealot  
  135  8:28  Zealot x2  
  141  8:36  Pylon  
  141  8:40  Immortal (Chrono Boost)  
  143  8:48  Zealot x5, Protoss Ground Weapons Level 2 (Chrono Boost)  
  143  8:49  Zealot  
  153  9:01  Pylon  
  153  9:02  Pylon  
  148  9:04  Phoenix  
  148  9:09  Immortal (Chrono Boost)  
  141  9:18  Zealot x3, Sentry x2  
  149  9:28  Zealot x3  
  113  9:48  Stalker x4  
  113  9:49  Zealot  
  81  10:00  Colossus (Chrono Boost)  
  77  10:14  Templar Archives  
  77  10:20  Nexus  
  77  10:31  Zealot x2, Sentry  
  83  10:44  Colossus (Chrono Boost)  
  89  10:50  High Templar x2  
  89  10:51  Zealot  
  89  10:54  Archon  
  89  10:56  Protoss Ground Armor Level 1 (Chrono Boost)  
  95  11:14  Blink (Chrono Boost)  
  95  11:23  Stalker x4  
  103  11:31  Zealot x3  
  109  11:37  Probe x2  
  109  11:38  Probe  
  112  11:44  Colossus (Chrono Boost)  
  112  11:53  Probe  
  119  11:54  Probe  
  120  12:02  Pylon  
  120  12:06  Nexus  
  120  12:12  High Templar  
  120  12:13  High Templar  
  124  12:18  Archon  
  124  12:25  Zealot x4  
  124  12:27  Disruptor (Chrono Boost)  
  136  12:35  Pylon  
  136  12:39  Stalker x2  
  136  12:41  Pylon, Sentry  
  142  12:44  Shield Battery  
  142  12:50  Zealot  
  144  12:55  Protoss Ground Weapons Level 3  
  144  12:57  Zealot x2  
  148  13:06  Disruptor (Chrono Boost)  
  148  13:09  Zealot x3  
  158  13:29  Stalker x4  
  158  13:32  Probe  
  158  13:33  Assimilator, Probe x3  
  170  13:35  Assimilator  
  170  13:41  Disruptor  
  170  13:45  Probe  
  175  13:48  Phoenix (Chrono Boost)  
  175  13:53  Zealot  
  175  13:54  Zealot x5  
  189  13:59  Probe x3  
  192  14:07  Dark Shrine  
  192  14:10  Pylon  
  192  14:14  Disruptor (Chrono Boost)  
  194  14:26  Zealot x4  
  194  14:27  Zealot x2  
  200  14:38  Robotics Facility  
  192  14:54  Disruptor (Chrono Boost)  
  192  14:55  Nexus  
  192  14:57  Pylon  
  196  15:02  Stalker x2  
  196  15:12  Zealot  
  196  15:13  Zealot x2  
  196  15:29  Stalker  
  196  15:34  Disruptor (Chrono Boost)  
  196  15:41  Disruptor (Chrono Boost)  
  192  15:56  Zealot x7  
  200  16:11  Photon Cannon  
  200  16:13  Photon Cannon  
  200  16:14  Gateway  
  200  16:16  Unknown, Gateway  
  200  16:17  Gateway  
  186  16:19  Zealot x8, Shield Battery  
  186  16:21  Pylon  
  154  16:26  Zealot  
Show
View Real Time Build Order
Export as new Build Order

AqueroN Terran 

Build Orders: Cyclone Opening 

Get SALT Encoding   

  12  0:00  SCV  
  13  0:12  SCV  
  14  0:17  Supply Depot  
  14  0:24  SCV  
  15  0:38  SCV  
  15  0:39  Barracks  
  16  0:44  Refinery  
  16  0:50  SCV  
  16  0:55  Refinery  
  17  1:02  SCV  
  18  1:15  SCV  
  19  1:28  Reaper, Orbital Command  
  19  1:31  Supply Depot  
  20  1:43  Factory  
  20  1:54  SCV  
  21  2:01  Barracks Reactor  
  21  2:06  SCV  
  22  2:18  Command Center  
  22  2:21  SCV  
  23  2:31  Widow Mine  
  23  2:35  SCV  
  26  2:37  Starport  
  26  2:39  Marine  
  26  2:40  Marine  
  28  2:46  Supply Depot  
  28  2:49  SCV  
  29  2:57  Cyclone  
  31  3:07  Marine x2  
  31  3:08  SCV  
  34  3:15  Medivac  
  34  3:18  Supply Depot  
  36  3:20  SCV  
  36  3:25  Marine x2  
  39  3:30  Cyclone  
  39  3:33  SCV  
  42  3:43  Marine x2  
  42  3:45  SCV  
  45  3:48  Orbital Command  
  45  3:55  Viking  
  47  3:57  SCV  
  47  4:01  Marine x2  
  50  4:08  Cyclone  
  52  4:13  SCV  
  52  4:15  SCV  
  52  4:16  Supply Depot  
  54  4:20  Marine x2  
  55  4:25  Viking  
  55  4:27  SCV  
  55  4:28  SCV  
  59  4:34  Supply Depot  
  59  4:38  Marine x2  
  60  4:39  SCV  
  60  4:40  SCV  
  63  4:51  SCV  
  65  4:52  SCV  
  65  4:54  Factory Tech Lab  
  65  4:56  Marine x2  
  65  4:59  Starport Reactor  
  67  5:01  Barracks x2  
  67  5:03  SCV  
  67  5:05  SCV  
  68  5:09  Supply Depot  
  67  5:15  Siege Tank  
  67  5:16  SCV  
  67  5:17  SCV  
  72  5:25  Marine  
  72  5:28  Marine  
  68  5:34  SCV x2  
  71  5:37  Viking x2  
  75  5:43  Marine  
  75  5:46  SCV x2, Supply Depot, Marine  
  75  5:48  Siege Tank  
  81  5:59  Supply Depot x2  
  81  6:00  Refinery  
  81  6:01  Marine  
  82  6:07  Marine  
  82  6:09  Viking x2  
  82  6:12  SCV x2  
  83  6:19  Marine  
  83  6:21  Barracks Tech Lab  
  83  6:22  Siege Tank  
  83  6:23  Marine  
  83  6:25  Marine  
  84  6:33  SCV x2  
  84  6:35  Supply Depot  
  84  6:36  Marine  
  84  6:38  Refinery  
  84  6:39  Viking  
  89  6:40  Marine  
  89  6:46  Viking  
  92  6:49  Marine  
  92  6:50  Marine  
  94  7:00  Siege Tank, Marine x2  
  99  7:03  Supply Depot  
  99  7:06  Supply Depot  
  99  7:07  Marine x2  
  101  7:13  Viking  
  103  7:15  Viking  
  103  7:18  Marine x2  
  103  7:22  SCV x2  
  109  7:25  Marine  
  109  7:26  Stimpack  
  109  7:27  Barracks Tech Lab  
  110  7:30  Supply Depot  
  110  7:37  Siege Tank  
  110  7:39  Marine x2  
  115  7:48  Marauder, Marine, Viking  
  120  7:58  Marauder, Marine  
  123  8:07  Marine  
  123  8:09  Marauder  
  123  8:10  Siege Tank  
  129  8:19  Marauder  
  131  8:27  Bunker  
  131  8:29  Marine  
  131  8:30  Bunker, Marine  
  131  8:31  Marauder  
  135  8:35  Liberator  
  135  8:36  Liberator  
  135  8:40  Supply Depot  
  141  8:42  Marauder  
  142  8:52  Marauder  
  142  8:55  Marine x2  
  142  9:00  Siege Tank  
  142  9:03  Marauder  
  144  9:14  Marauder  
  144  9:16  Concussive Shells, Combat Shield, Marine x2  
  146  9:23  Command Center  
  112  9:47  Marauder x2  
  72  10:02  Medivac x2  
  72  10:04  SCV x2  
  72  10:05  Marine x2  
  71  10:09  Marauder  
  71  10:10  Barracks x2  
  73  10:16  SCV x2, Marauder  
  77  10:29  Factory Reactor  
  77  10:30  Marine x2, Marauder  
  81  10:37  SCV x2  
  81  10:38  Marauder  
  85  10:44  Liberator x2  
  85  10:49  SCV x2  
  93  10:51  Marauder  
  93  10:53  Marine x2  
  97  10:58  Engineering Bay  
  97  10:59  Marauder  
  97  11:01  Orbital Command  
  99  11:05  Barracks Tech Lab  
  99  11:06  Barracks Reactor  
  99  11:10  Widow Mine  
  101  11:12  Widow Mine  
  101  11:13  Marauder  
  101  11:14  Marine x2  
  107  11:21  Marauder  
  109  11:31  Medivac x2, Marauder  
  115  11:34  Marauder  
  117  11:42  Marauder  
  117  11:43  Marine x2  
  117  11:44  Terran Infantry Weapons Level 1, Marine x2  
  117  11:45  Ghost Academy  
  123  11:47  Engineering Bay  
  123  11:50  Refinery  
  123  11:51  Refinery  
  125  11:54  Marauder  
  125  11:55  SCV, Marauder  
  128  12:03  Sensor Tower  
  128  12:09  Marine x4  
  128  12:12  Viking  
  128  12:13  Viking  
  138  12:18  Ghost x2  
  138  12:20  Ghost  
  142  12:25  Terran Infantry Armor Level 1  
  142  12:30  Marine x4  
  146  12:38  Widow Mine x2  
  146  12:41  Starport  
  146  12:42  Viking  
  146  12:43  Viking  
  154  12:49  Ghost  
  154  12:50  Marine  
  154  12:51  Marine x2  
  159  12:53  Marine  
  159  12:57  Supply Depot  
  160  13:02  Supply Depot, Ghost  
  162  13:11  Marine x3  
  162  13:12  Marine  
  168  13:20  Ghost  
  168  13:21  Supply Depot  
  168  13:23  Viking  
  168  13:25  Viking  
  172  13:27  Ghost  
  174  13:36  Viking x2  
  174  13:39  Armory  
  176  13:48  Ghost  
  174  13:49  Marine x4  
  180  14:22  Marine, Marauder x3  
  173  14:31  Viking x3  
  173  14:32  Viking  
  175  14:41  Marine  
  175  14:43  Marauder x2  
  175  14:44  Marauder  
  182  14:56  Marine x3  
  185  15:05  Marauder x3  
  191  15:08  Command Center  
  188  15:26  Marauder  
  188  15:27  Marauder x2  
  192  15:32  Liberator  
  195  15:35  Liberator  
  195  15:36  Liberator  
  188  15:58  Marauder x3  
  188  16:01  Medivac  
Tags
 
Add a new tag
Caveats
  • Supply blocks, unpowered buildings, or Contaminate may cause inaccurate times.
  • Supply counts are checked every 10 seconds.